 Dungeon Crawl Stone Soup version 0.29-a0-330-g52719c12eb (webtiles) character file.

Game seed: 16353581119426786697

56136 DuloT34 the Spry (level 14, -20/121 HPs)
             Began as a Merfolk Gladiator on May 16, 2022.
             Was an Initiate of Yredelemnul.
             Demolished by a spriggan
             ... wielding a +2 rapier of distortion
              (22 damage)
             ... on level 6 of the Lair of Beasts.
             The game lasted 01:16:32 (24683 turns).

DuloT34 the Spry (Merfolk Gladiator)               Turns: 24683, Time: 01:16:33

Health: -20/121    AC: 13    Str: 20    XL:     14   Next: 80%
Magic:  32/32      EV: 24    Int: 18    God:    Yredelemnul [......]
Gold:   1201       SH:  0    Dex: 22    Spells: 12/13 levels left

rFire   . . .      SeeInvis .   b - +9 halberd "Loopy" {vorpal, +Blink rElec rPois Stlth+}
rCold   + + +      Faith    .   (shield currently unavailable)
rNeg    . . .      Spirit   .   P - +1 leather armour "Xotsof" {Int+4 Dex+6}
rPois   +          Reflect  .   (helmet restricted)
rElec   +          Harm     .   C - +0 cloak
rCorr   +          Rampage  .   (no gloves)
Will    +....                   q - +2 pair of boots
Stlth   +++.......              h - amulet of Immorality {Acrobat Fragile rC+++ rCorr MP+9}
HPRegen 0.00/turn               J - +6 ring of intelligence
MPRegen 0.23/turn               y - +4 ring of protection

@: about to teleport, sick
A: (nimble swimmer 2), mertail, antennae 1, strong 1, subdued magic 1
a: Renounce Religion, Evoke Blink, Recall Undead Harvest


You were on level 6 of the Lair of Beasts.
You worshipped Yredelemnul.
Yredelemnul was pleased with you.
You visited 3 branches of the dungeon, and saw 18 of its levels.
You also visited: Ice Cave.

You collected 2018 gold pieces.
You spent 817 gold pieces at shops.

Inventory:

Hand Weapons
 a - the +9 spear of the Butterfly {flame, rPois Str+7 Dex+2}
   (You took it off an orc on level 7 of the Dungeon)

   It burns those it strikes, dealing additional fire damage.
   Str:       It affects your strength (+7).
   Dex:       It affects your dexterity (+2).
   rPois:     It protects you from poison.
 b - the +9 halberd "Loopy" (weapon) {vorpal, +Blink rElec rPois Stlth+}
   (You found it on level 5 of the Lair of Beasts)

   It inflicts extra damage upon your enemies.
   rElec:     It insulates you from electricity.
   rPois:     It protects you from poison.
   +Blink:    It lets you blink.
   Stlth:     It makes you more stealthy.
Missiles
 d - 3 throwing nets (quivered)
 V - 3 silver javelins
Armour
 c - a +0 helmet
 e - the +0 ring mail of the Enchanted Forest {rElec Str+3 Slay-2}
   (You found it on level 3 of the Lair of Beasts)

   Str:       It affects your strength (+3).
   Slay:      It affects your accuracy & damage with ranged weapons and melee
   (-2).
   rElec:     It insulates you from electricity.
 o - the +1 chain mail "Waeniev" {Will+ Str+2 Stlth-}
   (You found it on level 3 of the Dungeon)

   Str:       It affects your strength (+2).
   Will:      It increases your willpower.
   Stlth:     It makes you less stealthy.
 q - a +2 pair of boots (worn)
 s - an orb of guile
 C - a +0 cloak (worn)
 P - the +1 leather armour "Xotsof" (worn) {Int+4 Dex+6}
   (You found it on level 7 of the Dungeon)

   Int:       It affects your intelligence (+4).
   Dex:       It affects your dexterity (+6).
Jewellery
 h - the amulet of Immorality (around neck) {Acrobat Fragile rC+++ rCorr MP+9}
   (You acquired it on level 3 of the Dungeon)

   [amulet of the acrobat]

   It increases your evasion while moving and waiting.
   rC:        It renders you almost immune to cold.
   MP:        It affects your magic capacity (+9).
   rCorr:     It protects you from acid and corrosion.
   Fragile:   It will be destroyed if unequipped.
 m - a ring of flight
 y - a +4 ring of protection (right hand)
 A - a ring of poison resistance
 J - a +6 ring of intelligence (left hand)
 R - an amulet of reflection
 Y - the ring of Wu Jian's Benevolence {rN+ Int+2 Dex+9}
   (You took it off a spriggan on level 6 of the Lair of Beasts)

   [ring of positive energy]

   Int:       It affects your intelligence (+2).
   Dex:       It affects your dexterity (+9).
   rN:        It protects you from negative energy.
Wands
 k - a wand of flame (26)
 E - a wand of mindburst (8)
 H - a wand of charming (5)
 K - a wand of iceblast (5)
 O - a wand of digging (4)
 U - a wand of acid (5)
 W - a wand of paralysis (2)
Scrolls
 f - a scroll of brand weapon
 g - 3 scrolls of enchant weapon
 i - 3 scrolls of enchant armour
 B - a scroll of amnesia
 D - a scroll of immolation
 F - 7 scrolls of teleportation
 M - 3 scrolls of blinking
 Q - 2 scrolls of summoning
 X - 2 scrolls of identify
 Z - 2 scrolls of fear
Potions
 j - a potion of invisibility
 l - a potion of brilliance
 n - 2 potions of lignification
 p - 3 potions of flight
 r - 7 potions of curing
 t - a potion of resistance
 v - 2 potions of ambrosia
 w - a potion of magic
 x - a potion of berserk rage
 z - a potion of might
 G - a potion of attraction
 I - 2 potions of mutation
 L - 2 potions of haste
 N - a potion of heal wounds
 T - a potion of cancellation {unknown}
Miscellaneous
 u - a box of beasts
 S - a piece from Xom's chessboard (15/15)


   Skills:
 + Level 14.5 Fighting
 - Level 16.0 Polearms
 - Level 2.0 Throwing
 + Level 5.2 Armour
 + Level 16.1 Dodging
 - Level 12.1 Invocations
 + Level 5.1 Evocations


You had 12 spell levels left.
You knew the following spells:

 Your Spells              Type           Power      Damage    Failure   Level
a - Pain                  Necr           0%         1d4       22%         1

Your spell library contained the following spells:

 Spells                   Type           Power      Damage    Failure   Level
 Animate Skeleton         Necr           0%         N/A       22%         1
 Freeze                   Ice            0%         1d3       22%         1
 Sandblast                Erth           0%         2d4       22%         1
 Slow                     Hex            0%         N/A       22%         1
 Ensorcelled Hibernation  Hex/Ice        0%         N/A       32%         2
 Passwall                 Tmut/Erth      0%         N/A       32%         2
 Confusing Touch          Hex            0%         N/A       54%         3
 Frozen Ramparts          Ice            0%         1d2       54%         3
 Gell's Gravitas          Tloc           0%         N/A       54%         3
 Inner Flame              Hex/Fire       0%         N/A       54%         3
 Lesser Beckoning         Tloc           0%         N/A       54%         3
 Stone Arrow              Conj/Erth      0%         3d7       54%         3
 Teleport Other           Tloc           0%         N/A       54%         3
 Vampiric Draining        Necr           0%         2d6       54%         3
 Cause Fear               Hex            0%         N/A       92%         4
 Hailstorm                Conj/Ice       0%         3d3       92%         4
 Ice Form                 Ice/Tmut       0%         N/A       92%         4
 Summon Ice Beast         Ice/Summ       0%         N/A       92%         4
 Metabolic Englaciation   Hex/Ice        0%         N/A       100%        5
 Silence                  Hex/Air        0%         N/A       100%        5
 Dispersal                Tloc           0%         N/A       100%        6
 Discord                  Hex            0%         N/A       100%        8
 Ignition                 Fire           0%         3d3       100%        8


Dungeon Overview and Level Annotations

Branches:
Dungeon (10/15)            Temple (0/1) D:4            Lair (6/6) D:10
  Swamp (0/4) Lair:2        Snake (0/4) Lair:3        Slime (0/5) Lair:5
    Orc (2/2) D:10            Elf (0/3) Orc:2         IceCv (visited)

Altars:
Cheibriados
Ru
Trog
Vehumet
Xom
Yredelemnul
The Shining One
Beogh
Jiyva

Shops:
D:6 =[:   D:7 [   D:8 *[   Orc:1 **(![   Orc:2 !?[(


Innate Abilities, Weirdness & Mutations

((You are very nimble when in or above water. (Stealth+, EV+, Speed+++)))
Your lower body shifts to a powerful aquatic tail in water.
You have a pair of small antennae on your head.
Your muscles are strong. (Str +2)
Your spells are a little easier to cast, but a little less powerful.


Message History

The thrashing horror closely misses you.
The thrashing horror completely misses you.
The spriggan drinks a potion.
The spriggan seems to grow stronger.
The thrashing horror tramples you but does no damage.
The thrashing horror completely misses you.
The spriggan attacks as you move away! The spriggan closely misses you.
The thrashing horror attacks as you move away!
The thrashing horror closely misses you.
The thrashing horror completely misses you.
The thrashing horror tramples you!
* * * LOW HITPOINT WARNING * * *
You hold your ground!
The thrashing horror misses you. The spriggan attacks as you move away!
The spriggan completely misses you. x2
The thrashing horror completely misses you.
The thrashing horror tramples you but does no damage.
The thrashing horror misses you. x2
The thrashing horror attacks as you move away!
The thrashing horror completely misses you. x2
The thrashing horror completely misses you. x2
The thrashing horror tramples you but does no damage.
The thrashing horror completely misses you.
The thrashing horror misses you.
The thrashing horror completely misses you.
The thrashing horror attacks as you move away!
The thrashing horror completely misses you.
The thrashing horror tramples you but does no damage.
The thrashing horror completely misses you. x2
The thrashing horror tramples you.
* * * LOW HITPOINT WARNING * * *
You stumble backwards!
As you read the scroll of teleportation, it crumbles to dust.
You feel strangely unstable. The thrashing horror tramples you!
* * * LOW HITPOINT WARNING * * *
You stumble backwards!
The spriggan attacks as you move away!
The spriggan hits you with a +2 rapier of distortion!!
* * * LOW HITPOINT WARNING * * *
Space warps horribly around you!!
You die...
Your body rises from the dead as a mindless zombie.

♣.♣.. ♣...♣♣..♣
♣....X♣
♣♣..♣♣♣♣.♣ ♣♣.
...♣ ♣..♣♣ ♣♣.♣
♣♣÷..÷♣♣
♣♣.♣♣♣♣..♣ ♣♣
♣÷.♣ ♣..♣♣...♣ ♣
♣^.♣ ♣.S♣♣..♣♣
♣♣♣ ♣♣.....♣ ..♣
♣♣XiX.♣ ..♣
♣♣..@♣♣ ..♣
♣....♣ .♣♣
♣...♣♣ Z♣ ♣♣...♣
Z♣ ♣♣♣♣ ♣...♣♣
Z♣♣♣..♣♣♣♣♣♣..♣♣
.♣♣......♣♣...♣
.♣♣.....♣♣...♣♣
Z♣♣..♣♣Z♣♣.Z♣♣


You could see 2 thrashing horrors, a water moccasin and a spriggan (strong).

Vanquished Creatures
  An ettin (Orc:1)
  Josephine (Lair:6)
  A catoblepas (Lair:6)
  3 hydras
  Erica (Lair:1)
  2 two-headed ogres
  10 death yaks
  4 orc high priests
  A fire crab (Lair:5)
  4 orc knights
  3 orc sorcerers (Orc:2)
  5 elephants (Lair:4)
  7 black mambas
  7 cane toads
  4 rime drakes
  2 smoke demons (Lair:6)
  2 unseen horrors (D:10)
  A kobold demonologist (D:10)
  9 komodo dragons
  An ancient zyme (Lair:6)
  An entropy weaver simulacrum (IceCv)
  An anaconda simulacrum (IceCv)
  18 blink frogs
  5 dream sheep (Lair:4)
  Sigmund (D:4)
  A shadow (D:10)
  2 wraiths (Lair:6)
  A ynoxinul (Lair:6)
  4 wyverns
  19 yaks
  6 small abominations (Lair:6)
  A vampire mosquito (D:10)
  A death yak simulacrum (IceCv)
  A warg (Orc:1)
  4 nagas (Lair:3)
  2 harpy simulacra (IceCv)
  An acid dragon (D:10)
  10 water moccasins
  A floating eye (D:10)
  2 sky beasts
  17 orc warriors
  5 ogres
  A black bear (D:6)
  5 wolves
  4 centaurs
  2 phantoms
  2 kobold brigands
  12 bullfrogs
  6 two-headed ogre simulacra (IceCv)
  A scorpion (D:6)
  2 cane toad simulacra (IceCv)
  13 wights
  3 howler monkeys (D:7)
  An electric eel (Lair:2)
  A hound (D:7)
  2 jellies
  12 orc priests
  Ijyb (D:4)
  5 iguanas
  9 orc wizards
  Natasha (twice) (D:4)
  4 troll simulacra (IceCv)
  4 hell rats (Lair:5)
  2 polar bear simulacra (IceCv)
  4 spriggan simulacra (IceCv)
  2 gnolls (D:10)
  2 naga simulacra (IceCv)
  8 adders
  4 river rats (Lair:5)
  13 white imps
  9 ufetubi
  3 worms
  3 dart slugs (D:2)
  42 orcs
  5 ball pythons
  7 endoplasms
  2 giant cockroaches
  5 goblins
  10 hobgoblins
  4 jackals (D:2)
  A quokka (D:1)
  11 bats
  2 frilled lizards
  11 kobolds
  10 rats
425 creatures vanquished.

Vanquished Creatures (collateral kills)
  6 death yaks (Lair:6)
  A smoke demon (Lair:6)
  A large abomination (Lair:6)
  3 cane toads
  A rime drake (Lair:6)
  2 komodo dragons
  A troll (D:10)
  2 blink frogs
  A dream sheep (Lair:4)
  A shadow (D:10)
  A wraith (Lair:6)
  A spriggan (Lair:6)
  3 small abominations (Lair:6)
  A wyvern (Lair:6)
  4 yaks
  A chaos spawn (Lair:6)
  A steam dragon (D:10)
  3 basilisks
  A naga (Lair:3)
  2 water moccasins
  4 wolves
  2 bullfrogs
  3 gnoll sergeants (D:10)
  A necrophage (D:6)
  3 wights (D:6)
  A bullfrog zombie (Lair:1)
  2 orc priests
  An iguana (D:6)
  A hell rat (Lair:5)
  An adder (D:5)
  3 gnolls (D:10)
  A white imp (Lair:3)
  An ufetubus (D:6)
  A worm (D:3)
  2 goblins
  2 hobgoblins
  A kobold (D:1)
  A ball python (D:1)
68 creatures vanquished.

Vanquished Creatures (others)
  A spectral death yak (Lair:6)
  A spectral two-headed ogre (D:10)
  5 death yak zombies (Lair:6)
  2 black mamba zombies
  A yak (D:10)
  2 spectral ynoxinuls (Lair:6)
  2 cane toad zombies (Lair:6)
  9 blink frog zombies
  3 rime drake zombies
  A komodo dragon zombie (Lair:4)
  3 water moccasin zombies
  6 yak zombies
  2 wolf zombies (Lair:2)
  2 centaur zombies (D:10)
  3 bullfrog zombies
  A naga zombie (Lair:3)
  An adder zombie (D:5)
  A spectral white imp (Lair:3)
  2 bat zombies (D:2)
  5 gnoll zombies (D:10)
  3 river rat zombies (Lair:5)
  A dart slug zombie (D:2)
  A goblin zombie (D:2)
  2 hobgoblin zombies (D:4)
  A jackal zombie (D:2)
  A kobold (D:7)
  A kobold zombie (D:7)
  25 orc zombies
  A rat zombie (Lair:5)
  A spectral endoplasm (D:4)
  4 spectral ufetubi
  9 demonic plants (D:1)
  24 fungi
  57 plants
  5 withered plants (D:1)
189 creatures vanquished.

Grand Total: 682 creatures vanquished

Notes
Turn   | Place    | Note
-------+----------+-------------------------------------------
     0 | D:1      | DuloT34 the Merfolk Gladiator began the quest for the Orb.
     0 | D:1      | Reached XP level 1. HP: 16/16 MP: 1/1
   179 | D:1      | Reached XP level 2. HP: 23/23 MP: 2/2
   207 | D:1      | Found a faded altar of an unknown god.
   220 | D:1      | Prayed at the altar of an unknown god.
   220 | D:1      | Became a worshipper of Yredelemnul the Dark
   220 | D:1      | Reached * piety under Yredelemnul
   362 | D:1      | Reached ** piety under Yredelemnul
   534 | D:2      | Reached XP level 3. HP: 29/29 MP: 3/3
   569 | D:2      | Reached skill level 5 in Polearms
   811 | D:2      | Reached XP level 4. HP: 35/35 MP: 4/4
   818 | D:2      | Found a bloodstained altar of Trog.
  1263 | D:3      | Found a snail-covered altar of Cheibriados.
  1352 | D:3      | Reached skill level 1 in Invocations
  1393 | D:3      | Reached XP level 5. HP: 33/42 MP: 5/5
  1471 | D:3      | Identified the +1 chain mail "Waeniev" {Will+ Str+2 Stlth-}
  1948 | D:3      | Found a shimmering altar of Xom.
  2050 | D:4      | Noticed an ogre
  2053 | D:4      | Noticed Ijyb
  2059 | D:4      | Killed an ogre
  2086 | D:4      | Killed Ijyb
  2087 | D:4      | Reached XP level 6. HP: 46/49 MP: 7/7
  2245 | D:4      | You are sucked into a shaft and drop 1 floor!
  2245 | D:5      | Entered Level 5 of the Dungeon
  2306 | D:4      | Identified a scroll of acquirement
  2329 | D:4      | Noticed Sigmund
  2335 | D:4      | Noticed Natasha
  2547 | D:3      | Acquired the amulet of Immorality {Acrobat Fragile rC+++
                  | rCorr MP+9}
  2824 | D:4      | Killed Sigmund
  2825 | D:4      | Reached skill level 5 in Fighting
  2825 | D:4      | Reached XP level 7. HP: 54/56 MP: 9/9
  2834 | D:4      | Learned a level 1 spell: Pain
  2835 | D:4      | Found a staircase to the Ecumenical Temple.
  2876 | D:4      | Killed Natasha
  3145 | D:4      | Noticed Natasha
  3151 | D:4      | Killed Natasha
  3463 | D:5      | Found a glowing golden altar of the Shining One.
  3710 | D:5      | Reached XP level 8. HP: 44/64 MP: 11/11
  4115 | D:6      | Reached skill level 5 in Invocations
  4218 | D:6      | Reached skill level 5 in Dodging
  4388 | D:6      | Found Rovva's Book Boutique.
  4624 | D:6      | Found Maruhow's Jewellery Shop.
  4840 | D:6      | Found Itoyfree's Antique Armour Shop.
  5080 | D:7      | Reached XP level 9. HP: 70/72 MP: 13/13
  5555 | D:7      | Identified the +9 spear of the Butterfly {flame, rPois
                  | Str+7 Dex+2}
  6415 | D:7      | Found Athrycw's Armour Emporium.
  6749 | D:8      | Found a radiant altar of Vehumet.
  6889 | D:8      | Noticed a two-headed ogre
  6915 | D:8      | Killed a two-headed ogre
  6916 | D:8      | Reached skill level 10 in Polearms
  7099 | D:8      | Found Raamakar's Assorted Antiques.
  7120 | D:8      | Found Yfelomum's Antique Armour Boutique.
  7133 | D:8      | Reached XP level 10. HP: 82/82 MP: 15/15
  7322 | D:7      | Identified the +1 leather armour "Xotsof" {Int+4 Dex+6}
  7573 | D:9      | Noticed a two-headed ogre
  7587 | D:9      | Killed a two-headed ogre
  8625 | D:10     | Entered Level 10 of the Dungeon
  8667 | D:10     | Reached *** piety under Yredelemnul
  8733 | D:10     | Reached **** piety under Yredelemnul
  8988 | D:10     | Reached ***** piety under Yredelemnul
  9169 | D:10     | Killed an unseen horror
  9246 | D:10     | Noticed a two-headed ogre
  9261 | D:10     | Killed an unseen horror
  9269 | D:10     | Killed a two-headed ogre
  9269 | D:10     | Enslaved a two-headed ogre
  9277 | D:10     | Reached XP level 11. HP: 51/90 MP: 17/17
  9282 | D:10     | Reached skill level 10 in Dodging
  9318 | D:10     | Reached skill level 10 in Fighting
  9668 | D:10     | Found a staircase to the Lair.
  9703 | D:10     | Paralysed by a floating eye for 2 turns
  9882 | D:10     | Found a staircase to the Orcish Mines.
 10144 | Orc:1    | Entered Level 1 of the Orcish Mines
 10144 | Orc:1    | Found Docrorgh's Armour Boutique.
 10212 | Orc:1    | Found Ridabyo's Antique Weapon Shop.
 10232 | Orc:1    | Found Duogh's Distillery.
 10446 | Orc:1    | Noticed an orc high priest
 10478 | Orc:1    | Killed an orc high priest
 10784 | Lair:1   | Entered Level 1 of the Lair of Beasts
 11392 | Lair:1   | Reached skill level 10 in Invocations
 11487 | Lair:1   | Identified the +9 shortbow of Suicidal Tendencies {flame,
                  | Will+}
 11506 | Lair:1   | Noticed Erica
 11519 | Lair:1   | Killed Erica
 12041 | Lair:2   | Found a staircase to the Swamp.
 12153 | Lair:2   | Noticed a five-headed hydra
 12167 | Lair:2   | Killed a five-headed hydra
 12168 | Lair:2   | Reached XP level 12. HP: 38/100 MP: 19/19
 12757 | Lair:2   | Found a sacrificial altar of Ru.
 13175 | Lair:3   | Found a staircase to the Snake Pit.
 13482 | Lair:3   | Found a frozen archway.
 13535 | IceCv    | Entered an ice cave
 14237 | IceCv    | Noticed a reaper
 15054 | Lair:3   | Noticed a seven-headed hydra
 15628 | Lair:3   | Killed a seven-headed hydra
 16002 | Lair:3   | Identified the +0 ring mail of the Enchanted Forest {rElec
                  | Str+3 Slay-2}
 16945 | Lair:4   | Reached XP level 13. HP: 109/109 MP: 21/21
 16965 | Lair:4   | Reached skill level 15 in Polearms
 17495 | Lair:5   | Identified the +9 halberd "Loopy" {vorpal, +Blink rElec
                  | rPois Stlth+}
 17917 | Lair:4   | Reached skill level 1 in Armour
 18894 | Lair:5   | Found a viscous altar of Jiyva.
 18898 | Lair:5   | Found a staircase to the Slime Pits.
 19576 | Orc:2    | Entered Level 2 of the Orcish Mines
 19619 | Orc:2    | Found a staircase to the Elven Halls.
 21474 | Orc:1    | Noticed an ettin
 21550 | Orc:2    | Gained mutation: You sometimes lose the ability to read
                  | scrolls when taking damage. [a neqoxec]
 21551 | Orc:2    | Gained mutation: You do not regenerate when monsters are
                  | visible. [a neqoxec]
 22014 | Orc:2    | Found Tuuluochaco's Weapon Shop.
 22014 | Orc:2    | Found Wycyi's Distillery.
 22026 | Orc:2    | Found Tethucu's Antique Armour Shop.
 22026 | Orc:2    | Found Azel's Magic Scroll Emporium.
 22035 | Orc:2    | Bought 2 scrolls of teleportation for 102 gold pieces
 22035 | Orc:2    | Bought a scroll of blinking for 127 gold pieces
 22037 | Orc:2    | Bought a potion of curing for 36 gold pieces
 22037 | Orc:2    | Bought a potion of invisibility for 96 gold pieces
 22037 | Orc:2    | Bought a potion of resistance for 120 gold pieces
 22037 | Orc:2    | Bought a potion of curing for 36 gold pieces
 22269 | Orc:1    | Found Qefruebb's Assorted Antiques.
 22295 | Orc:1    | Bought a wand of iceblast (8) for 96 gold pieces
 22295 | Orc:1    | Bought a scroll of fear for 84 gold pieces
 22295 | Orc:1    | Bought a potion of heal wounds for 120 gold pieces
 22334 | Orc:1    | Killed an ettin
 22458 | Orc:1    | Found Onuys's General Store.
 22712 | Lair:6   | Entered Level 6 of the Lair of Beasts
 22722 | Lair:6   | Reached skill level 1 in Evocations
 22730 | Lair:5   | Reached skill level 15 in Dodging
 22730 | Lair:5   | Reached XP level 14. HP: 70/118 MP: 23/23
 22894 | Lair:5   | Lost mutation: You sometimes lose the ability to read
                  | scrolls when taking damage. [potion of mutation]
 22894 | Lair:5   | Lost mutation: You do not regenerate when monsters are
                  | visible. [potion of mutation]
 22894 | Lair:5   | Gained mutation: Your muscles are strong. (Str +2) [potion
                  | of mutation]
 22894 | Lair:5   | Gained mutation: Your spells are a little easier to cast,
                  | but a little less powerful. [potion of mutation]
 22894 | Lair:5   | Gained mutation: You have a pair of small antennae on your
                  | head. [potion of mutation]
 22968 | Lair:6   | Noticed Josephine
 22988 | Lair:6   | Killed Josephine
 23894 | Lair:6   | Reached ****** piety under Yredelemnul
 23901 | Lair:6   | Identified the ring of Wu Jian's Benevolence {rN+ Int+2
                  | Dex+9}
 24219 | Lair:6   | Got the Disquisition on Fetching Fire
 24618 | Lair:6   | Reached skill level 5 in Armour
 24658 | Lair:6   | Reached skill level 5 in Evocations
 24683 | Lair:6   | HP: 2/121 [spriggan/+2 rapier of distortion (19)]
 24683 | Lair:6   | Demolished by a spriggan

Illustrated notes

Levels and vault maps discovered:
D:1:      dpeg_arrival_tiny_i, layout_rooms, shapermc_ecumenical_altar_gd
D:2:      layout_basic, basic_altar
D:3:      layout_rooms, lemuel_doored_altar, mainiacjoe_overflow_alcove_4
D:4:      layout_basic, minmay_temple_entry_antechambers, sigmund_army,
          uniq_natasha, uniq_ijyb
D:5:      layout_cave_pools, nicolae_tso_swordbearing_angel
D:6:      layout_basic, serial_shops, nicolae_shop_hallway_stairs, shop,
          nicolae_lakefront_shop
D:7:      minmay_recursive_quarters, layout_gridville, serial_shops,
          kennysheep_little_box
D:8:      layout_cave_pools, mainiacjoe_overflow_alcove_1, serial_shops, shop,
          nicolae_shop_crystal
D:9:      layout_stronghold
D:10:     layout_basic, dpeg_oklobed_lair, onia_ninara_cookie
Lair:1:   layout_concentric_octagons, serial_bayou_shore_b, uniq_erica
Lair:2:   layout_chaotic_city, minmay_swamp_entry_reptiles, basic_altar,
          serial_bayou_shore_a
Lair:3:   layout_cave_shapes, minmay_snake_entry_guardpost_large,
          portal_ice_cave_entry_imps, minmay_stone_trees_medium
Lair:4:   layout_gridlike
Lair:5:   layout_cave_pods, slime_altar_1, st_stairs_5,
          kennysheep_abandoned_house
Lair:6:   hellmonk_lair_end_abyssal_woods, layout_big_grid,
          chequers_serial_rivers_small_b, nicolae_lair_yak_garden,
          uniq_josephine
Orc:1:    layout_caves, serial_shops, nicolae_shop_stone, shop,
          nicolae_shop_crystal, shop_fountains, shop, bh_open_orc_temple
Orc:2:    grunt_orc_tribal_feast, layout_caves, basic_altar

Skill      XL: |  1  2  3  4  5  6  7  8  9 10 11 12 13 14 |
---------------+-------------------------------------------+-----
Fighting       | 3 4 5 6 7 8 9 11 12 13 14 | 14.5
Polearms       | 5 6 7 8 9 10 12 13 14 16 | 16.0
Invocations    | 1 2 3 4 6 7 9 10 11 12 | 12.1
Dodging        | 5 8 9 11 13 15 16 | 16.1
Armour         | 3 5 |  5.2
Evocations     | 1 5 |  5.1
Throwing       | |  2.0

Action                   |  1- 3 |  4- 6 |  7- 9 | 10-12 | 13-15 || total
-------------------------+-------+-------+-------+-------+-------++-------
Melee: Trident           |    95 |   159 |       |       |       ||   254
       Punch             |     1 |       |     1 |     4 |     4 ||    10
       Scythe            |       |       |   126 |       |       ||   126
       Spear             |       |       |    55 |   586 |   136 ||   777
       Halberd           |       |       |       |       |   467 ||   467
Throw: Javelin           |       |     8 |       |    17 |       ||    25
Invok: Recall Undead Har |     2 |     1 |     6 |     5 |     7 ||    21
       Bind Soul         |       |       |       |     1 |     2 ||     3
       Dark Bargain      |       |       |       |     1 |       ||     1
 Abil: Evoke Blink       |       |       |       |       |     2 ||     2
Evoke: Wand              |       |     2 |    14 |    32 |    13 ||    61
       Piece from Xom's  |       |       |       |     6 |       ||     6
  Use: Potion            |       |     1 |     1 |     5 |     3 ||    10
       Scroll            |       |     7 |     7 |    10 |     7 ||    31
 Stab: Sleeping          |     1 |     2 |       |     3 |     5 ||    11
       Distracted        |       |       |     2 |     9 |     8 ||    19
Armor: Leather armour    |    24 |     8 |       |    50 |    57 ||   139
       Chain mail        |       |    44 |    94 |     5 |       ||   143
Dodge: Dodged            |    43 |    56 |    89 |   256 |   375 ||   819

Table legend: (Time is in decaauts)
 A = Elapsed time spent in this place.
 B = Non-inter-level travel time spent in this place.
 C = Inter-level travel time spent in this place.
 D = Time resting spent in this place.
 E = Time spent auto-exploring this place.
 F = Levels seen in this place.
 G = Mean time per level.
                   A        B        C        D        E       F      G
               +--------+--------+--------+--------+--------+-----+--------+
         Total |  24255 |  23280 |    975 |   7308 |  12242 |  19 | 1276.6 |
       Dungeon |  10529 |  10068 |    461 |   2479 |   5942 |  10 | 1052.9 |
          Lair |   9607 |   9191 |    416 |   3023 |   4954 |   6 | 1601.2 |
  Orcish Mines |   3234 |   3137 |     97 |   1447 |   1104 |   2 | 1617.0 |
      Ice Cave |    884 |    884 |      0 |    359 |    240 |   1 |  884.0 |
               +--------+--------+--------+--------+--------+-----+--------+

Top non-repeatable levels by time:
   Orc:1: 2141 daAuts
     D:6: 2036 daAuts
    D:10: 1858 daAuts
  Lair:3: 1829 daAuts
  Lair:6: 1752 daAuts
  Lair:2: 1721 daAuts
  Lair:5: 1719 daAuts
  Lair:4: 1575 daAuts
     D:9: 1214 daAuts
     D:3: 1168 daAuts
   Orc:2: 1093 daAuts
  Lair:1: 1008 daAuts
   IceCv: 884 daAuts
     D:4: 870 daAuts
     D:5: 856 daAuts
